 Dungeon Crawl Stone Soup version 0.24.1-8-ga250c9d538 (webtiles) character file.

Game seed: 16999780210704278282, levelgen mode: deterministic

18 Atelerd the Magician (level 2, -1/15 HPs)
             Began as a Tengu Wizard on Apr 27, 2020.
             Slain by a dart slug (2 damage)
             ... on level 2 of the Dungeon.
             The game lasted 00:01:39 (1553 turns).

Atelerd the Magician (Tengu Wizard)                 Turns: 1553, Time: 00:01:40

Health: -1/15      AC:  2    Str:  7    XL:     2   Next: 70%
Magic:  0/7        EV: 12    Int: 18    God:
Gold:   22         SH:  0    Dex: 12    Spells: 6/7 levels left

rFire    . . .     SeeInvis .   f - +0 dagger
rCold    . . .     Gourm    .   (no shield)
rNeg     . . .     Faith    .   a - +0 robe
rPois    .         Spirit   .   b - +0 hat
rElec    .         Reflect  .   (no cloak)
rCorr    .         Harm     .   (no gloves)
MR       .....                  (boots unavailable)
Stlth    ++........             (no amulet)
HPRegen  0.05/turn              i - +3 ring of slaying
MPRegen  0.10/turn              (no ring)

@: no status effects
A: beak, talons 3
a: no special abilities


You were on level 2 of the Dungeon.
You were near starving.

You visited 1 branch of the dungeon, and saw 2 of its levels.

You collected 22 gold pieces.

Inventory:

Hand Weapons
 f - a +0 dagger (weapon)
 g - a +0 mace of crushing
Armour
 a - a +0 robe (worn)
 b - a +0 hat (worn)
Jewellery
 i - a +3 ring of slaying (left hand)
Scrolls
 e - 4 scrolls of identify {unknown}
 j - a scroll of enchant armour {unknown}
 k - a scroll of fog {unknown}
Potions
 c - 3 potions of heal wounds {unknown}
 h - a potion of might {unknown}
 l - 2 potions of flight {unknown}
 m - a potion of curing {unknown}
Comestibles
 d - a ration


   Skills:
 - Level 2.1 Dodging
 - Level 2.0 Stealth
 + Level 3.2 Spellcasting
 * Level 3.0 Conjurations
   Level 1.2 Summonings
   Level 0.7 Translocations


You had 6 spell levels left.
You knew the following spells:

 Your Spells              Type           Power        Failure   Level  Hunger
a - Magic Dart            Conj           ##..         4%          1    None

Your spell library contained the following spells:

 Spells                   Type           Power        Failure   Level  Hunger
 Call Imp                 Summ           #.......     14%         2    ##.....
 Blink                    Tloc           N/A          19%         2    ##.....
 Slow                     Hex            #.......     24%         2    ##.....
 Conjure Flame            Conj/Fire      #.......     26%         3    ###....
 Mephitic Cloud           Conj/Pois/Air  #.......     32%         3    ###....


Dungeon Overview and Level Annotations

Branches:
Dungeon (2/15)

Altars:


Innate Abilities, Weirdness & Mutations

You have a beak for a mouth.
You have claws for feet.


Message History

Casting: Magic Dart (safe; 4% risk of failure)
Confirm with . or Enter, or press ? or * to list all spells.
Aiming: Magic Dart (safe; 4% risk of failure)
Press: ? - help, Shift-Dir - straight line, f/p - hobgoblin
Aim: a hobgoblin (severely wounded)
The magic dart hits the hobgoblin.
You kill the hobgoblin!
Your Conjurations skill increases to level 3!
The dart slug launches a dart at you. The slug dart hits you.
* * * LOW HITPOINT WARNING * * *
You hit the dart slug.
The dart slug is severely wounded.
A frilled lizard comes into view.
The frilled lizard hisses angrily.
You hit the dart slug but do no damage.
The dart slug is severely wounded.
A rat comes into view.
The dart slug bites you.
You die...

l..# ...# [..
#####..# ..r....
(... #.#####
####@....# #
#.......w...###<..
#######...........
#...<.######
#.....# #.#####
...# #####


You could see a dart slug, a frilled lizard and a rat (wandering).

Vanquished Creatures
  A leopard gecko (D:1)
  2 bats (D:1)
  2 goblins (D:1)
  3 hobgoblins
  3 kobolds (D:1)
  2 frilled lizards (D:1)
  5 rats (D:1)
18 creatures vanquished.

Notes
Turn   | Place    | Note
-------+----------+-------------------------------------------
     0 | D:1      | Atelerd the Tengu Wizard began the quest for the Orb.
     0 | D:1      | Reached XP level 1. HP: 10/10 MP: 5/5
   518 | D:1      | Reached XP level 2. HP: 12/15 MP: 4/7
  1553 | D:2      | Slain by a dart slug

Levels and vault maps discovered:
D:1:      dpeg_arrival_arbitrary_a, layout_basic, wad_floor_pattern_untrapped,
          item_on_display_b
D:2:      layout_loops_ring, nicolae_ru_sacrificial_ziggurat, uniq_jessica

Skill      XL: |  1  2 |
---------------+-------+-----
Conjurations   | 2 3 |  3.0
Dodging        | |  2.1
Stealth        | |  2.0
Spellcasting   | |  3.2
Summonings     | |  1.2
Translocations | |  0.7

Action                   || total
-------------------------++-------
Melee: Mace              ||     6
       Dagger            ||    14
       Kick              ||     3
       Peck              ||     1
 Cast: Magic Dart        ||    36
 Stab: Sleeping          ||     1
Armor: Robe              ||    12
Dodge: Dodged            ||    17
